Cogmind - Beta 16 @@@ ROGUE MODE // 2026.02.03 @ 00:32:00 Player: +Jones Result: Destroyed by G-50 Soldier with Heavy Laser Performance ------------- Evolutions (4) 2000 Regions Visited (23) 4600 Robots Destroyed (381) 1905 Value Destroyed (14643) 14643 Prototype IDs (67) 1340 Alien Tech Used (0) 0 Bonus (2220) 2220 TOTAL SCORE: 26708 Bonus ------- High Alert Combat Kills 664 Follower Combat Kills 908 Entered Garrisons 400 Network Hubs Disabled 200 Aligned with FarCom 300 Met Data Miner 300 Acquired ECA 300 Built Enhanced Grunts 300 Met R17 at Cetus 500 Friendly Fire -1652 Cogmind --------- Core Integrity 0/850 Matter 64/300 Energy 67/100 System Corruption 43% Temperature Warning (300) Movement Rolling (235) Ox9 Location -6/Hub_04(d) Parts ------- > --- POWER (1) -------- (None) > --- PROPULSION (6) --- Compact Wheel > --- UTILITY (6) ------ Advanced Heat Sink Cargo Storage Unit Core Analyzer Improved System Shield > --- WEAPON (2) ------- Heavy Dispersion Rifle Advanced KE Penetrator > --- INVENTORY (30) --- Quantum Reactor Improved Medium Treads Huge Storage Unit High-capacity Matter Pod (0) Experimental Sensor Array Advanced Terrain Scan Processor Encrypted Comm Array Improved Medium Armor Plating Improved Hacking Suite Improved System Restoration Module Drone Bay (2/2) Heavy Dispersion Rifle Advanced KE Penetrator Rocket Array Tiamat Missile Launcher Ionic Axe Peak State ------------ > --- POWER ------------ Quantum Reactor > --- PROPULSION ------- Centrium Heavy Treads Centrium Heavy Treads Centrium Heavy Treads > --- UTILITY ---------- Cargo Storage Unit Centrium Medium Armor Plating Force Field Improved Hacking Suite Improved System Shield > --- WEAPON ----------- Hypervelocity Gauss Rifle Advanced KE Penetrator > --- INVENTORY -------- Quantum Reactor Improved Medium Treads Centrium Heavy Treads Advanced Heat Sink Huge Storage Unit High-capacity Matter Pod Experimental Sensor Array Advanced Terrain Scan Processor Encrypted Comm Array Core Analyzer Hardened Medium Armor Plating Improved Medium Armor Plating Layered Medium Armor Plating Layered Medium Armor Plating Improved Hacking Suite Improved System Restoration Module Drone Bay Heavy Dispersion Rifle Heavy Dispersion Rifle Advanced KE Penetrator Advanced KE Penetrator Rocket Array Tiamat Missile Launcher Ionic Axe [Rating: 116] Favorites ----------- Power Improved Deuterium Engine Engine Improved Deuterium Engine Power Core Enhanced Nuclear Core Reactor Quantum Reactor Propulsion Armored Wheel Treads Light Treads Leg Aluminum Leg Wheel Armored Wheel Utility Huge Storage Unit Device Seismic Detector Storage Huge Storage Unit Processor Advanced Terrain Scan Processor Hackware Hacking Suite Protection Medium Armor Plating Weapon Great Maul Energy Gun Heavy Dispersion Rifle Energy Cannon Cooled Particle Cannon Ballistic Gun Improved Assault Rifle Ballistic Cannon Advanced Assault Cannon Launcher Tiamat Missile Launcher Special Weapon Plasma Cutter Impact Weapon Great Maul Slashing Weapon Ionic Axe Special Melee Weapon Advanced Datajack Build | -11 -10 -10 -9 -9 -9 -8 -8 -8 -8 -8 -8 -7 -7 -7 -7 -6 -6 -6 -6 -6 -6 -6 -6 ------- Run | Yrd Mat Min Mat Min Exi Min Mat Gar Mat Gar Mat Fac Low Low Dat Pro Fac Was Fac Ext Cet Arc Hub Slots Evolved 8 | . . . 2 . . . 2 . . . . 2 . . . . 2 . . . . . . Power . | . . . . . . . . . . . . . . . . . . . . . . . . Propulsion 4 | . . . 2 . . . 2 . . . . . . . . . . . . . . . . Utility 4 | . . . . . . . . . . . . 2 . . . . 2 . . . . . . Weapon . | . . . . . . . . . . . . . . . . . . . . . . . . Parts Attached 241 | 7 11 1 21 8 . . 25 4 14 17 9 20 1 2 . 6 30 2 4 35 11 1 12 Power 19 | 1 . . 1 . . . 5 . 1 1 . 1 . . . . 5 . . 3 1 . . Engine 14 | 1 . . 1 . . . 4 . . . . 1 . . . . 5 . . 2 . . . Core 4 | . . . . . . . 1 . 1 1 . . . . . . . . . 1 . . . Reactor 1 | . . . . . . . . . . . . . . . . . . . . . 1 . . Propulsion 89 | 2 1 . 13 5 . . 9 1 6 4 5 4 1 . . . 12 1 . 16 6 . 3 Treads 49 | 2 . . 11 2 . . 8 . 4 1 3 2 1 . . . 2 1 . 4 6 . 2 Leg 3 | . . . . . . . . . . 3 . . . . . . . . . . . . . Wheel 37 | . 1 . 2 3 . . 1 1 2 . 2 2 . . . . 10 . . 12 . . 1 Hover . | . . . . . . . . . . . . . . . . . . . . . . . . Flight . | . . . . . . . . . . . . . . . . . . . . . . . . Utility 69 | 2 2 . 3 3 . . 4 1 . 4 3 11 . 2 . . 10 1 4 12 1 . 6 Device 21 | 1 . . . 1 . . . . . 1 1 3 . 1 . . 2 . 2 8 . . 1 Storage 8 | 1 2 . . 1 . . 1 . . . . 2 . . . . . . . 1 . . . Processor 8 | . . . . . . . . . . . 1 2 . . . . 2 1 1 . . . 1 Hackware 10 | . . . . . . . . 1 . . 1 2 . . . . 3 . 1 . . . 2 Protection 22 | . . . 3 1 . . 3 . . 3 . 2 . 1 . . 3 . . 3 1 . 2 Artifact . | . . . . . . . . . . . . . . . . . . . . . . . . Weapon 64 | 2 8 1 4 . . . 7 2 7 8 1 4 . . . 6 3 . . 4 3 1 3 Energy Gun 8 | . . . . . . . . 1 . . . . . . . 2 1 . . 2 1 . 1 Energy Cannon 2 | . . . . . . . . . . . . 1 . . . 1 . . . . . . . Ballistic Gun 22 | 2 3 1 2 . . . 4 . 3 . . . . . . . 1 . . 2 2 . 2 Ballistic Cannon 14 | . 3 . . . . . . . 4 5 . 1 . . . . 1 . . . . . . Launcher 7 | . . . 2 . . . 1 . . 2 . 1 . . . 1 . . . . . . . Special Weapon 3 | . 1 . . . . . 1 . . 1 . . . . . . . . . . . . . Impact Weapon 3 | . 1 . . . . . 1 . . . . 1 . . . . . . . . . . . Slashing Weapon 4 | . . . . . . . . 1 . . 1 . . . . 2 . . . . . . . Piercing Weapon . | . . . . . . . . . . . . . . . . . . . . . . . . Special Melee Weapon 1 | . . . . . . . . . . . . . . . . . . . . . . 1 . Unidentified Prototypes 14 | . 1 . . 1 . . . . 1 . . 3 . . . 4 . . . . 4 . . Corrupted Parts 2 | . . . . . . . . . . . . . . . . . . . . . . . 2 System Corruption 9 | . . . . . . . . . . . . . . . . . . . . . . . 9 Parts Lost 55 | . . . . . . . 6 . 2 6 1 1 . . . . 8 . . 14 . . 17 Power 4 | . . . . . . . . . . 1 . . . . . . 1 . . 1 . . 1 Propulsion 30 | . . . . . . . 1 . 2 5 1 1 . . . . 6 . . 8 . . 6 Utility 13 | . . . . . . . 2 . . . . . . . . . 1 . . 3 . . 7 Weapon 8 | . . . . . . . 3 . . . . . . . . . . . . 2 . . 3 Highest Loss Streak 11 | . . . . . . . 3 . 1 5 1 1 . . . . 5 . . 8 . . 11 To Critical Strikes . | . . . . . . . . . . . . . . . . . . . . . . . . Average Backups 23 | . 13 20 19 20 21 23 23 24 23 22 22 24 27 28 27 27 27 27 28 28 28 27 26 Power . | . . . . . . . . . . . . . . . . . . . . . . 1 1 Propulsion 3 | . 2 7 5 5 6 6 5 4 3 1 . 2 1 1 1 1 . 1 4 5 3 3 2 Utility 11 | . 4 7 8 6 7 8 9 12 12 11 11 11 14 15 15 15 13 15 13 13 13 14 14 Weapon 7 | . 5 5 6 7 7 7 6 6 5 7 8 9 9 9 9 9 10 9 8 7 8 8 7 Tool/Special . | . . . . . . . . . . . . . . . . . . . . . . . . Unused Backups 50 | 1 3 . 12 1 . . 4 . 7 . . 2 1 . 1 . 2 . 3 2 4 3 4 Power 1 | . . . . . . . . . . . . . . . . . . . . . . . 1 Propulsion 8 | . . . 4 1 . . . . . . . . . . . . . . . 1 2 . . Utility 26 | . . . 7 . . . 2 . 4 . . 1 . . . . 2 . 3 . 1 3 3 Weapon 13 | 1 3 . 1 . . . 1 . 3 . . 1 1 . . . . . . 1 1 . . Tool/Special 2 | . . . . . . . 1 . . . . . . . 1 . . . . . . . . Average Slot Usage (%) 93 | . 99 100 99 99 100 100 98 97 97 96 95 95 92 91 92 91 81 89 85 83 86 80 77 Engine 5 | . 13 14 11 11 11 11 6 9 1 . . 1 7 7 7 7 5 6 6 5 2 . . Core 2 | . . . . . . . 2 . 7 8 8 5 . . . . . . . . . . . Treads 21 | . 21 14 22 12 11 11 49 24 24 14 18 18 15 15 15 15 6 1 6 7 33 26 24 Wheel 20 | . 6 14 21 30 33 33 4 27 26 26 30 25 30 30 30 30 25 35 26 23 . . . Device 4 | . 14 14 1 . . . . . . . 5 7 6 6 6 6 9 13 10 5 6 6 5 Storage 8 | . 14 14 11 11 11 11 9 9 9 9 9 7 7 7 7 7 6 6 6 6 6 6 6 Processor 3 | . . . . . . . . . . . . 2 7 7 7 7 6 11 12 13 13 13 1 Hackware 2 | . . . . . . . . 5 9 2 2 6 . . . . 3 . 1 . . . 11 Protection 4 | . . . 9 11 11 11 8 3 . 6 1 1 . . . . 3 . 1 5 6 6 5 Energy Gun 1 | . . . . . . . . 2 . . . . . . . . 5 6 7 5 1 . 1 Ballistic Gun 7 | . 19 28 19 12 22 22 12 2 1 . 5 . . . . . . . . 1 9 12 8 Ballistic Cannon 1 | . 6 . . . . . . . 2 9 . 7 1 . . . . . . . . . . Impact Weapon 3 | . . . 2 9 . . 5 7 7 . . 6 7 6 7 . . . . . . . . Slashing Weapon 2 | . . . . . . . . 2 7 5 11 . . . . 12 5 . 3 2 . . 1 Peak Build Rating 116 | 7 15 15 21 29 24 24 37 42 43 39 37 44 47 47 47 58 63 66 70 70 111 107 116 Average Rating 40 | 4 12 14 19 21 22 24 31 38 37 35 32 39 46 44 46 52 53 58 66 63 84 106 106 On Entrance 41 | . 7 15 15 21 22 24 24 37 41 34 37 32 44 47 47 38 54 59 62 69 60 106 107 Avg Prop Armor Cover (%) 15 | . 11 9 11 7 6 6 15 20 23 15 20 17 15 16 16 17 10 14 14 11 10 . . Naked Turns . | . . . . . . . . . . . . . . . . . . . . . . . . Heaviest Build 188 | 14 52 52 61 101 101 101 107 110 98 111 104 161 168 162 168 170 182 173 180 186 187 187 188 Greatest Support 220 | 40 40 20 40 63 36 36 126 52 60 60 68 52 52 52 52 52 84 60 40 64 220 220 220 Greatest Overweight (x) 58 | . 4 4 2 2 2 2 2 3 3 4 5 4 3 3 3 3 58 4 5 6 6 . 9 Average Overweight (x) 2 | . 1 3 1 1 2 2 . 1 1 2 1 2 3 3 3 3 2 2 4 3 . . . Largest Inventory Capacity 30 | 8 20 20 20 25 25 25 25 25 25 25 25 30 30 30 30 30 30 30 30 30 30 30 30 Average Capacity 25 | 6 16 20 20 24 25 25 25 25 25 25 25 27 30 30 30 30 30 30 30 29 30 30 30 Most Carried 30 | 1 20 20 20 21 23 23 25 25 25 25 25 30 30 30 30 30 30 30 30 30 30 30 30 Average Carried 25 | . 13 19 19 20 21 23 24 24 24 24 24 26 29 30 29 29 28 29 29 28 29 29 28 Final Capacity 30 | 8 20 20 20 25 25 25 25 25 25 25 25 30 30 30 30 30 30 30 30 30 30 30 30 Final Carried 30 | 1 20 20 20 21 23 23 25 25 25 25 25 29 30 30 29 30 30 29 30 30 30 30 16 Class Distribution -------------------- 41% | Mutant 25% | Hauler-Mutant 20% | Scavenger-Mutant 6% | Hauler-Assassin Dominant Class ---------------- Mutant | -10/Materials Mutant | -10/Mines Mutant | -9/Materials Mutant | -9/Mines Mutant | -9/Exiles Mutant | -8/Mines Scavenger-Mutant | -8/Materials Mutant | -8/Garrison Mutant | -8/Materials Mutant | -8/Garrison Scavenger-Mutant | -8/Materials Hauler-Mutant | -7/Factory Hauler-Mutant | -7/Lower Caves Hauler-Mutant | -7/Lower Caves Hauler-Mutant | -7/Data Miner Hauler-Mutant | -6/Proximity Caves Hauler-Assassin | -6/Factory Scavenger-Skirmisher | -6/Waste Hauler-Assassin | -6/Factory Hauler-Mutant | -6/Extension Commander-Mutant | -6/Cetus Hauler-Mutant | -6/Archives Hauler-Assassin | -6/Hub_04(d) Resources | -11 -10 -10 -9 -9 -9 -8 -8 -8 -8 -8 -8 -7 -7 -7 -7 -6 -6 -6 -6 -6 -6 -6 -6 ----------- Run | Yrd Mat Min Mat Min Exi Min Mat Gar Mat Gar Mat Fac Low Low Dat Pro Fac Was Fac Ext Cet Arc Hub Matter Collected 10872 | 334 425 64 1187 211 . 7 1095 210 395 569 843 597 336 161 . 275 1201 561 64 1532 227 224 354 Remotely . | . . . . . . . . . . . . . . . . . . . . . . . . Salvage Created 16828 | 146 612 153 1857 369 . . 1635 832 1636 417 798 602 134 84 . 177 1716 1378 86 2884 223 399 690 Parts 714 | 13 41 14 124 7 . . 77 30 50 24 35 16 9 3 . 1 81 3 12 105 11 22 36 Haulers Intercepted 16 | . 2 . 6 . . . 3 . 4 . 1 . . . . . . . . . . . . Recyclers Shooed 14 | . . . 1 . . . . . 1 . 1 2 . . . . 8 . 1 . . . . Parts Field Recycled . | . . . . . . . . . . . . . . . . . . . . . . . . Retrieved Matter . | . . . . . . . . . . . . . . . . . . . . . . . . Parts Self-Destructed 13 | . . . . . . . . . . . . . 6 6 . 1 . . . . . . . Prevented . | . . . . . . . . . . . . . . . . . . . . . . . . Parts Restored . | . . . . . . . . . . . . . . . . . . . . . . . . Kills | -11 -10 -10 -9 -9 -9 -8 -8 -8 -8 -8 -8 -7 -7 -7 -7 -6 -6 -6 -6 -6 -6 -6 -6 ------- Run | Yrd Mat Min Mat Min Exi Min Mat Gar Mat Gar Mat Fac Low Low Dat Pro Fac Was Fac Ext Cet Arc Hub Combat Hostiles Destroyed 234 | . 12 5 29 4 . . 27 17 26 14 6 7 3 4 . 1 19 6 1 36 3 2 12 Melee 48 | . . . . . . . . 4 16 3 5 2 1 . . . 8 . . 6 . . 3 Guns 98 | . 6 5 26 1 . . 20 3 2 . 1 . . . . . 7 . 1 14 3 2 7 Cannons 22 | . 6 . . . . . . . 4 4 . 3 . 1 . . 4 . . . . . . AOE 48 | . . . 3 . . . 3 5 . 7 . . 2 3 . 1 . 6 . 16 . . 2 Classes Destroyed 24 | 2 6 . 5 . . . 3 1 . 3 . . . 1 . . . 1 . 2 . . . Worker 22 | . . . 5 1 . . 3 . 4 . 1 1 . . . . 5 . . 2 . . . Builder 15 | . . . 1 . . . 2 . 1 . 1 3 . . . . 1 . 2 4 . . . Tunneler 14 | 3 . 1 2 1 . . 1 . 2 . 1 1 . . . . . . . 2 . . . Hauler 16 | . 2 . 6 . . . 3 . 4 . 1 . . . . . . . . . . . . Recycler 38 | 1 2 . 3 2 . . 2 . 2 . 3 4 . . . . 6 . . 13 . . . Mechanic 3 | . 1 . . . . . . . . . . 1 . . . . 1 . . . . . . Operator 13 | . 1 . 2 . . . 1 . 1 . . . . . . . . . 1 1 . 6 . Watcher 23 | . 3 . 4 . . . 4 . 3 1 3 . . . . . 1 . . 2 1 . 1 Swarmer 47 | . 3 3 5 . . . 6 6 4 . . 1 2 4 . . . . . 10 . . 3 Cutter 5 | . . . . . . . . 2 . . . . . . . . 3 . . . . . . Saboteur 1 | . . . . . . . . . . . . . . . . . . . . 1 . . . Grunt 91 | . 9 2 13 3 . . 11 5 11 7 3 1 . . . . 9 . . 15 . . 2 Brawler 5 | . . . 1 . . . 1 . . 1 . 1 . . . . 1 . . . . . . Duelist 3 | . . . 1 1 . . . . 1 . . . . . . . . . . . . . . Protector 2 | . . . . . . . . . . 1 . . . . . . . . . . . . 1 Sentry 38 | . . . 9 . . . 5 4 8 . 3 . . . . . . . . 7 . 2 . Demolisher 1 | . . . . . . . . . . 1 . . . . . . . . . . . . . Specialist 2 | . . . . . . . 2 . . . . . . . . . . . . . . . . Hunter 7 | . . . . . . . 1 . 2 1 . . 1 . . . . . . 1 . . 1 Programmer 16 | . . . . . . . . . . 3 . 4 . . . 1 5 . 1 . . . 2 Heavy 3 | . . . . . . . 1 . . . . . . . . . 1 . . . . . 1 Behemoth 2 | . . . . . . . . . . . . . . . . . . . . 2 . . . Compactor 6 | . . . . . . . . . . . . . . . . . . 6 . . . . . Cetus Guard 3 | . . . . . . . . . . . . . . . . . . . . . 3 . . Lightning 2 | . . . . . . . . . . . . . . . . . . . . . . . 2 Decomposer 5 | . . . . . . . . . . . . . 4 . . 1 . . . . . . . Samaritan 1 | . . . . . . . . . . . . . . 1 . . . . . . . . . Thug 3 | . . . . . . . . . . 2 . . . . . . . . . . . 1 . Best Kill Streak 13 | 2 4 3 5 4 . . 7 4 4 6 2 4 2 4 . 1 8 4 2 13 3 3 3 Combat Bots Only 8 | . 4 3 3 3 . . 5 4 3 6 2 3 2 4 . 1 5 4 1 8 2 1 3 Max Kills in Single Turn 6 | 1 1 1 3 1 . . 2 2 1 2 1 1 2 1 . 1 2 2 2 6 1 1 2 Gunslinging 1 | . . . . . . . . . . . . . . . . . . . . 1 . . 1 Exploded 6 | . . . 2 . . . 2 2 . 2 . . 2 1 . 1 . 2 . 6 . . 1 Melee 1 | . . . . . . . . 1 1 1 1 1 1 . . . 1 . . 1 . . 1 Uniques/NPCs Destroyed . | . . . . . . . . . . . . . . . . . . . . . . . . Combat | -11 -10 -10 -9 -9 -9 -8 -8 -8 -8 -8 -8 -7 -7 -7 -7 -6 -6 -6 -6 -6 -6 -6 -6 -------- Run | Yrd Mat Min Mat Min Exi Min Mat Gar Mat Gar Mat Fac Low Low Dat Pro Fac Was Fac Ext Cet Arc Hub Hostile Shots Fired 1447 | . 30 18 110 12 . . 176 45 146 92 14 41 9 16 . 9 135 . 4 351 2 6 231 Missed 369 | . 6 6 29 . . . 41 15 48 25 1 12 2 9 . 5 32 . 1 110 1 . 26 Hits 1078 | . 24 12 81 12 . . 135 30 98 67 13 29 7 7 . 4 103 . 3 241 1 6 205 Melee 14 | . . . 1 4 . . . . 1 . . 3 . . . . 5 . . . . . . Projectile 1064 | . 24 12 80 8 . . 135 30 97 67 13 26 7 7 . 4 98 . 3 241 1 6 205 AOE 15 | . . . . . . . . 1 . 11 . . . . . . 2 . . . . . 1 Critical Strikes 54 | . . 1 4 1 . . 4 1 2 2 1 . . . . . 8 . . 2 1 . 27 Part Disruptions 3 | . . . . . . . . . . . . 1 . . . . . . . . . . 2 Actively Blocked 1 | . . . . . . . . . . . . 1 . . . . . . . . . . . Damage Taken 19272 | . 249 138 1067 227 . . 2014 396 1376 1359 210 480 111 105 . 104 2386 4 130 2659 48 73 6136 Core 1599 | . 28 26 201 11 . . 139 29 124 149 . 35 . . . . 323 . . 168 . . 366 Absorbed by Shields 606 | . . . . . . . . . . . . . . . . . . . . 226 52 76 252 Reduced by Siege Mode 933 | . . . . . . . . . . . . . . . . . . . . 152 6 . 775 Ignored by Resistances 80 | . . . . . . . 80 . . . . . . . . . . . . . . . . Regen/Repaired (Parts) 1608 | . 37 . 332 . . . 191 . 341 . 37 284 . . . . 65 . . 321 . . . Core Remaining (%) 67 | 100 . 78 . . . 47 . . . . 19 . . . . 95 . . . . . . . Volleys Fired 899 | 16 43 9 122 3 . 1 106 26 31 63 18 25 32 42 . 16 124 21 31 81 14 23 52 Largest 2 | 2 2 2 2 2 . 2 2 2 2 2 1 2 1 2 . 2 2 1 2 2 2 2 2 Hottest 188 | 40 123 46 46 46 . 46 100 84 74 80 40 80 90 80 . 188 188 46 188 188 70 70 94 Shots Fired 1421 | 32 80 18 238 6 . 2 183 27 57 80 20 46 32 43 . 17 184 21 38 135 28 46 88 Gun 1039 | 32 37 18 234 6 . 2 175 18 29 25 7 . . . . 9 139 . 38 111 28 46 85 Cannon 280 | . 36 . . . . . . . 28 42 13 46 30 40 . . 45 . . . . . . Launcher 91 | . . . 4 . . . 4 9 . 13 . . 2 3 . 8 . 21 . 24 . . 3 Special 11 | . 7 . . . . . 4 . . . . . . . . . . . . . . . . Kinetic 1026 | 32 73 18 234 6 . 2 175 1 57 67 20 46 . 2 . 7 95 . . 41 28 46 76 Thermal 304 | . 7 . . . . . 4 17 . . . . 30 38 . 2 89 . 38 70 . . 9 Explosive 91 | . . . 4 . . . 4 9 . 13 . . 2 3 . 8 . 21 . 24 . . 3 Electromagnetic . | . . . . . . . . . . . . . . . . . . . . . . . . Robot Hit Streak 35 | 6 14 5 22 3 . 3 22 19 26 35 3 5 7 5 . 7 8 11 3 14 10 14 23 Robot Miss Streak 5 | 3 2 1 3 1 . . 3 1 3 3 2 5 . 1 . 2 4 2 2 3 1 3 2 Penetration Max 1 | . . . . . . . . . . . . . . . . 1 1 . . 1 1 1 1 Secondary Targets 10 | . . 1 . . . . 1 . 1 . . . . . . . 2 . . 3 . . 2 Max Gunslinging Chain 1 | . . 1 . . . . 1 . 1 . . . . . . . 1 . . 1 . . 1 Shots Hit Robots 1102 | 20 47 12 173 13 . 2 165 55 116 45 34 34 5 7 . 13 109 15 5 106 24 35 67 Core Hits 547 | 7 23 7 73 2 . . 63 26 28 26 14 6 7 7 . 7 54 11 4 113 14 16 39 Critical Kills 16 | . 1 . 1 . . . . . 1 . . . 1 . . . 1 . . . 3 4 4 Critical Parts Destroyed 57 | . . . . 1 . . 5 4 11 2 . 8 1 . . . 5 . 2 8 4 . 6 Critical Strikes 97 | . 3 . 1 1 . . 7 6 18 5 4 8 2 . . . 10 . 2 9 7 4 10 Burn 1 | . . . . . . . . 1 . . . . . . . . . . . . . . . Destroy 42 | . 1 . 1 . . . 2 . . . . . . . . . 6 . 2 9 7 4 10 Blast 9 | . 2 . . . . . . . 2 2 . . . . . . 3 . . . . . . Smash 34 | . . . . 1 . . 5 4 12 2 . 8 2 . . . . . . . . . . Sever 11 | . . . . . . . . 1 4 1 4 . . . . . 1 . . . . . . Melee Attacks 490 | . . . 12 13 . . 45 72 137 45 46 37 9 . . 5 38 . 3 17 . 2 9 Impact 224 | . . . 12 13 . . 45 35 70 3 . 37 9 . . . . . . . . . . Slashing 264 | . . . . . . . . 37 67 42 46 . . . . 5 38 . 3 17 . . 9 Piercing . | . . . . . . . . . . . . . . . . . . . . . . . . Sneak Attacks 68 | . . . . 4 . . 6 1 17 7 8 12 2 . . 1 3 . 1 4 . 2 . Combat Hostiles 7 | . . . . . . . . 1 1 . 1 2 . . . . 1 . . 1 . . . Follow-up Attacks 22 | . . . . . . . . 1 14 2 4 . . . . . 1 . . . . . . Damage Inflicted 42011 | 220 816 215 2956 456 . 35 3687 2719 4933 2666 1607 1948 555 500 . 499 3599 3178 346 7070 828 934 2244 Guns 13625 | 220 363 192 2701 61 . 35 2190 328 369 . 85 . . . . 117 1665 . 142 2207 828 934 1188 Cannons 3047 | . 453 . . . . . . . 600 514 58 337 55 186 . . 844 . . . . . . Explosions 11069 | . . . 255 . . . 303 562 . 1097 . . 283 314 . 262 . 3178 119 3825 . . 871 Melee 14243 | . . . . 395 . . 1192 1829 3964 1055 1464 1611 217 . . 120 1088 . 85 1038 . . 185 Ramming 27 | . . 23 . . . . 2 . . . . . . . . . 2 . . . . . . Kinetic 13492 | 220 816 192 2701 61 . 35 2190 . 969 514 143 337 . 51 . 117 1726 . . 530 828 934 1128 Thermal 3180 | . . . . . . . . 328 . . . . 55 135 . . 783 . 142 1677 . . 60 Explosive 11069 | . . . 255 . . . 303 562 . 1097 . . 283 314 . 262 . 3178 119 3825 . . 871 Electromagnetic . | . . . . . . . . . . . . . . . . . . . . . . . . Impact 6038 | . . . . 395 . . 1192 417 2043 163 . 1611 217 . . . . . . . . . . Slashing 8205 | . . . . . . . . 1412 1921 892 1464 . . . . 120 1088 . 85 1038 . . 185 Piercing . | . . . . . . . . . . . . . . . . . . . . . . . . Highest Corruption 43 | . . . . . . . . . . 8 8 5 . . . 2 . 9 11 11 . . 43 Average Corruption 5 | . . . . . . . . . . 6 3 3 . . . 1 . 3 9 6 . . 7 Corruption Purged 22 | . . . . . . . . . . . 5 6 . . . . . . . 11 . . . Corruption Blocked 16 | . . . . . . . . . . . . . . . . . 2 14 . . . . . Effects 173 | . . . . . . . . . . 21 38 20 . . . 19 . 4 43 6 . . 22 Message Errors 46 | . . . . . . . . . . 5 10 3 . . . 8 . 1 11 1 . . 7 Matter Fused 43 | . . . . . . . . . . 6 10 9 . . . 5 . 2 10 1 . . . Heat Flow Errors 15 | . . . . . . . . . . 2 1 1 . . . 2 . 1 5 . . . 3 Energy Discharges 27 | . . . . . . . . . . 3 5 5 . . . 1 . . 8 2 . . 3 Data Loss (minor) 17 | . . . . . . . . . . 3 4 . . . . 2 . . 4 1 . . 3 Data Loss (major) 11 | . . . . . . . . . . 1 5 1 . . . 1 . . 1 . . . 2 Misfires 8 | . . . . . . . . . . 1 2 1 . . . . . . 2 1 . . 1 Alerts 3 | . . . . . . . . . . . 1 . . . . . . . 2 . . . . Weapon Failures 3 | . . . . . . . . . . . . . . . . . . . . . . . 3 Overload Shots 1 | . . . . . . . . . . . . . 1 . . . . . . . . . . Overflow Damage 4553 | . 8 . . 146 . . 352 318 1278 371 178 1020 113 23 . 114 170 . 55 389 . . 18 Projectiles 114 | . 8 . . . . . . . 11 12 18 6 14 23 . . 22 . . . . . . Explosions 464 | . . . . . . . 67 14 . 69 . . 10 . . 10 . . . 294 . . . Melee 3975 | . . . . 146 . . 285 304 1267 290 160 1014 89 . . 104 148 . 55 95 . . 18 Knockbacks 53 | . 4 1 . 2 . . 3 . 13 10 . 12 . 1 . . 7 . . . . . . Impact 23 | . . 1 . 2 . . 3 . 8 1 . 8 . . . . . . . . . . . Kinetic 30 | . 4 . . . . . . . 5 9 . 4 . 1 . . 7 . . . . . . Secondary . | . . . . . . . . . . . . . . . . . . . . . . . . Self-Inflicted Damage 445 | . . 11 . . . . . 35 . 46 . . . . . 44 . 4 86 106 . . 113 Shots 10 | . . . . . . . . 1 . 1 . . . . . 1 . 1 1 2 . . 3 Rammed 2 | . . 1 . . . . 1 . . . . . . . . . . . . . . . . Targets Rammed 3 | . . 1 . . . . 1 . . . . . . . . . 1 . . . . . . Kicked . | . . . . . . . . . . . . . . . . . . . . . . . . Crushed 1 | . . . . . . . . . . . . . . . . . 1 . . . . . . Highest Temperature 424 | . 80 22 33 8 . 2 8 120 51 267 189 85 36 12 . 260 383 148 276 334 . 18 424 Average Temperature 66 | . 22 11 5 2 . 1 2 43 17 70 94 45 21 8 . 101 100 79 45 99 . 4 115 Received Heat Transfer 4183 | . 84 51 426 48 . . 531 81 477 153 117 54 . . . . 666 . . 568 . . 927 Effects 8 | . . . . . . . . . . . . . . . . 2 1 . . 3 . . 2 Shutdowns 2 | . . . . . . . . . . . . . . . . . 1 . . . . . 1 Interference 5 | . . . . . . . . . . . . . . . . 2 . . . 3 . . . Damage (minor) 1 | . . . . . . . . . . . . . . . . . . . . . . . 1 Siege Activations 8 | . . . . . . . . . . . . . . . . . . . 1 5 1 . 1 Total Turns 270 | . . . . . . . . . . . . . . . . . . . 2 111 19 . 138 Longest Duration 138 | . . . . . . . . . . . . . . . . . . . 2 37 19 . 138 Martial Activations . | . . . . . . . . . . . . . . . . . . . . . . . . Shielding Activations . | . . . . . . . . . . . . . . . . . . . . . . . . Robots Disrupted . | . . . . . . . . . . . . . . . . . . . . . . . . Combat Hostiles . | . . . . . . . . . . . . . . . . . . . . . . . . Robots Corrupted 37 | . . . . 5 . . 7 5 11 . . 9 . . . . . . . . . . . Combat Hostiles 18 | . . . . 3 . . 4 5 4 . . 2 . . . . . . . . . . . Parts Fried 46 | . . . . 6 . . 11 4 12 . . 13 . . . . . . . . . . . Impact Corruptions 103 | . . . . 8 . . 13 10 30 5 . 35 2 . . . . . . . . . . Robots Melted . | . . . . . . . . . . . . . . . . . . . . . . . . Combat Hostiles . | . . . . . . . . . . . . . . . . . . . . . . . . Parts Melted 2 | . . . . . . . . 1 . . . . . . . . . . . . . 1 . Heat Transferred 4070 | . . . . . . . . 666 . . . . 74 185 . . 925 . 148 1998 . . 74 Parts Sabotaged . | . . . . . . . . . . . . . . . . . . . . . . . . Parts Stolen . | . . . . . . . . . . . . . . . . . . . . . . . . Parts Stripped . | . . . . . . . . . . . . . . . . . . . . . . . . Power Chain Reactions . | . . . . . . . . . . . . . . . . . . . . . . . . Alert | -11 -10 -10 -9 -9 -9 -8 -8 -8 -8 -8 -8 -7 -7 -7 -7 -6 -6 -6 -6 -6 -6 -6 -6 ------- Run | Yrd Mat Min Mat Min Exi Min Mat Gar Mat Gar Mat Fac Low Low Dat Pro Fac Was Fac Ext Cet Arc Hub Maximum Alert Level 4 | . . . 2 . . . 2 4 2 4 2 . . . . . 2 . . 3 2 1 . Low Security (%) 62 | 100 100 100 78 100 . 100 62 21 16 . 33 100 . . . . 78 100 100 73 . 68 100 Level 1 17 | . . . 9 . . . 33 12 35 3 50 . . . . . 10 . . 4 41 31 . Level 2 13 | . . . 12 . . . 4 12 48 31 16 . . . . . 10 . . 7 58 . . Level 3 5 | . . . . . . . . 41 . 61 . . . . . . . . . 13 . . . Level 4 . | . . . . . . . . 11 . 2 . . . . . . . . . . . . . Level 5 . | . . . . . . . . . . . . . . . . . . . . . . . . High Security . | . . . . . . . . . . . . . . . . . . . . . . . . Max Security . | . . . . . . . . . . . . . . . . . . . . . . . . Peak Influence 1280 | 10 152 60 473 183 . 81 438 1234 601 1280 624 109 . . . . 430 165 78 750 517 224 57 Initial 624 | . . . . 183 . . . 91 601 377 624 . . . . . . 143 59 22 415 150 50 Average 206 | . 58 6 155 75 . 13 166 625 376 742 259 26 . . . . 97 136 12 174 408 181 18 Influence Increases 10353 | 20 467 137 1072 181 . 81 1046 1153 918 963 282 360 95 105 . 40 774 82 191 1417 362 264 343 Destroy 0b10 Robot/C 4880 | . 240 100 580 120 . 60 540 340 520 260 120 140 60 80 . 20 380 . 20 860 160 80 200 Destroy 0b10 Robot/NC 775 | 20 45 5 115 20 . . 80 20 85 10 50 50 . . . 10 70 . 15 125 10 30 15 Destroy Leader 1104 | . 70 20 180 20 . 10 154 30 174 30 48 40 20 10 . 10 112 . 10 124 . . 42 Allied During Kill 411 | . . . . 21 . 11 1 . . . . . . . . . . . . 124 150 83 21 Successful Hack 397 | . 29 12 62 . . . 46 12 29 14 35 59 . . . . 34 . . 45 . . 20 Select Force Hacks 90 | . 60 . 30 . . . . . . . . . . . . . . . . . . . . Disable Machine 360 | . 15 . 15 . . . 15 30 . 30 . 45 . . . . 15 . 75 45 15 60 . Anti-Garrison Action 1000 | . . . . . . . . 550 . 450 . . . . . . . . . . . . . Destroy Structure 781 | . 8 . 45 . . . 60 126 35 109 14 26 . . . . 58 82 56 79 27 11 45 Partial Spotted 60 | . . . . . . . . . 30 . . . . . . . 15 . 15 . . . . Lose Combat Pursuer 495 | . . . 45 . . . 150 45 45 60 15 . 15 15 . . 90 . . 15 . . . Influence Decreases 10330 | 20 465 139 600 598 55 81 905 60 1572 263 1562 323 132 105 . 40 364 407 230 721 729 495 464 Entered New Map 2866 | . . 2 . 289 55 . . 50 633 203 656 . 15 . . . . 267 26 24 327 225 94 Time Decay 5896 | 20 465 137 600 309 . 81 545 . 769 . 596 313 117 105 . 40 283 140 204 425 342 170 235 Lost Part 451 | . . . . . . . 50 . 20 60 10 10 . . . . 71 . . 140 . . 90 Lost Ally 367 | . . . . . . . 10 10 . . . . . . . . 10 . . 132 60 100 45 Purge Threat 750 | . . . . . . . 300 . 150 . 300 . . . . . . . . . . . . Squads Dispatched 38 | . 3 . 3 . . . 5 . 4 . . 5 . . . . 8 . 2 6 . . 2 Investigation 5 | . 2 . 1 . . . 1 . . . . . . . . . . . . 1 . . . Extermination 11 | . . . . . . . . . . . . 4 . . . . 4 . 2 . . . 1 Reinforcement 19 | . 1 . 2 . . . 4 . 3 . . 1 . . . . 3 . . 4 . . 1 Assault 1 | . . . . . . . . . . . . . . . . . . . . 1 . . . Garrison 2 | . . . . . . . . . 1 . . . . . . . 1 . . . . . . Intercept . | . . . . . . . . . . . . . . . . . . . . . . . . Searches Triggered . | . . . . . . . . . . . . . . . . . . . . . . . . Unchained Authorized 1 | . . . . . . . . . . . . . . . . . . . . . . . 1 Data Miner Redirects 2 | . . . . . . . . . . . . . . . . . . . . 2 . . . Construction Impeded 5 | . . . . . . . 1 . . . . 1 . . . . . . . 3 . . . Haulers Reinforced . | . . . . . . . . . . . . . . . . . . . . . . . . Active Scanning Responses . | . . . . . . . . . . . . . . . . . . . . . . . . Cargo Convoy Interrupts . | . . . . . . . . . . . . . . . . . . . . . . . . Stealth | -11 -10 -10 -9 -9 -9 -8 -8 -8 -8 -8 -8 -7 -7 -7 -7 -6 -6 -6 -6 -6 -6 -6 -6 --------- Run | Yrd Mat Min Mat Min Exi Min Mat Gar Mat Gar Mat Fac Low Low Dat Pro Fac Was Fac Ext Cet Arc Hub Distress Signals 26 | . . . 2 . . . 6 . 3 1 3 . . . . . 2 . . 6 3 . . Communications Jammed . | . . . . . . . . . . . . . . . . . . . . . . . . Distress Signals . | . . . . . . . . . . . . . . . . . . . . . . . . Times Spotted 369 | . 16 5 47 6 . . 54 18 40 17 15 9 4 6 . 2 31 4 3 50 9 9 24 Peak Tracking Total 10 | . 3 3 4 3 . . 7 4 5 6 3 3 3 4 . 1 3 2 1 10 5 1 9 Tactical Retreats 27 | . . . 2 . . . 7 3 3 2 1 . 1 1 . . 6 . . 1 . . . Traps | -11 -10 -10 -9 -9 -9 -8 -8 -8 -8 -8 -8 -7 -7 -7 -7 -6 -6 -6 -6 -6 -6 -6 -6 ------- Run | Yrd Mat Min Mat Min Exi Min Mat Gar Mat Gar Mat Fac Low Low Dat Pro Fac Was Fac Ext Cet Arc Hub Traps Triggered 18 | . 1 . . . . . 2 . . 1 4 1 . . . . 5 . 2 1 . . 1 Indirectly . | . . . . . . . . . . . . . . . . . . . . . . . . Trap Hack Attempts . | . . . . . . . . . . . . . . . . . . . . . . . . Triggered . | . . . . . . . . . . . . . . . . . . . . . . . . Disarmed . | . . . . . . . . . . . . . . . . . . . . . . . . Reprogrammed . | . . . . . . . . . . . . . . . . . . . . . . . . Reused . | . . . . . . . . . . . . . . . . . . . . . . . . Traps Extracted . | . . . . . . . . . . . . . . . . . . . . . . . . Installed . | . . . . . . . . . . . . . . . . . . . . . . . . Triggered . | . . . . . . . . . . . . . . . . . . . . . . . . Machines | -11 -10 -10 -9 -9 -9 -8 -8 -8 -8 -8 -8 -7 -7 -7 -7 -6 -6 -6 -6 -6 -6 -6 -6 ---------- Run | Yrd Mat Min Mat Min Exi Min Mat Gar Mat Gar Mat Fac Low Low Dat Pro Fac Was Fac Ext Cet Arc Hub Machines Disabled 42 | . 1 . 1 . . . 1 10 . 10 . 3 . . . . 1 . 5 5 1 4 . Max in Single Turn 2 | . 1 . 1 . . . 1 1 . 1 . 2 . . . . 1 . 2 1 1 1 . Garrison Access 3 | . . . . . . . . . . . 1 1 . . . . 1 . . . . . . Garrison Relay 15 | . . . . . . . . 8 . 7 . . . . . . . . . . . . . Network Hub 1 | . . . . . . . . . . . . . . . . . . . . . . . 1 Machines Repaired . | . . . . . . . . . . . . . . . . . . . . . . . . Machines Dismantled 4 | . . . . . . . . . . 1 . . . . . . . . 1 1 1 . . Machines Sabotaged . | . . . . . . . . . . . . . . . . . . . . . . . . Overloaded Fab Kills . | . . . . . . . . . . . . . . . . . . . . . . . . Hacking | -11 -10 -10 -9 -9 -9 -8 -8 -8 -8 -8 -8 -7 -7 -7 -7 -6 -6 -6 -6 -6 -6 -6 -6 --------- Run | Yrd Mat Min Mat Min Exi Min Mat Gar Mat Gar Mat Fac Low Low Dat Pro Fac Was Fac Ext Cet Arc Hub Machines Accessed 101 | . 9 1 15 . 2 . 13 1 13 2 10 9 . . 3 . 9 . 3 6 1 . 4 Terminals 63 | . 6 1 10 . . . 9 1 8 2 8 2 . . . . 5 . 1 5 1 . 4 Fabricators . | . . . . . . . . . . . . . . . . . . . . . . . . Repair Stations 14 | . 1 . 2 . . . 1 . 2 . 1 5 . . . . 1 . . 1 . . . Recycling Units 12 | . 2 . 2 . . . 2 . 1 . . 1 . . . . 2 . 2 . . . . Scanalyzers 2 | . . . 1 . . . . . 1 . . . . . . . . . . . . . . Garrison Access 5 | . . . . . . . 1 . 1 . 1 1 . . . . 1 . . . . . . Total Hacks 330 | . 34 7 57 . 2 . 47 3 39 3 29 27 . . 20 . 21 . 4 16 1 . 20 Successful 205 | . 22 3 38 . 2 . 28 1 27 2 15 20 . . 20 . 11 . . 8 . . 8 Failed 122 | . 11 4 19 . . . 18 2 11 1 14 7 . . . . 10 . 4 8 1 . 12 Catastrophic 11 | . . . . . . . 2 . . . 1 2 . . . . 1 . 2 . 1 . 2 Database Lockouts 3 | . 1 . . . . . 1 . 1 . . . . . . . . . . . . . . Manual 183 | . 26 7 33 . 1 . 31 . 21 . 20 7 . . . . 12 . 1 8 1 . 15 Terminals 225 | . 27 7 39 . . . 35 3 27 3 25 9 . . . . 15 . 1 13 1 . 20 Fabricators . | . . . . . . . . . . . . . . . . . . . . . . . . Repair Stations 49 | . 2 . 11 . . . 8 . 5 . 3 15 . . . . 2 . . 3 . . . Recycling Units 20 | . 5 . 3 . . . 3 . 3 . . 1 . . . . 2 . 3 . . . . Scanalyzers 6 | . . . 4 . . . . . 2 . . . . . . . . . . . . . . Garrison Access 8 | . . . . . . . 1 . 2 . 1 2 . . . . 2 . . . . . . Terminal Hacks 80 | . 8 3 13 . 2 . 9 1 7 2 5 2 . . 20 . 3 . . 2 . . 3 Record 4 | . 1 . . . 1 . . . . . . . . . 2 . . . . . . . . Part Schematic 10 | . . . 1 . . . . . . . . . . . 9 . . . . . . . . Robot Schematic 6 | . . . . . . . . . . . . . . . 6 . . . . . . . . Robot Analysis 6 | . 2 . 2 . . . 1 . . . . 1 . . . . . . . . . . . Prototype ID Bank 21 | . 2 3 9 . . . 1 . . . 2 . . . 3 . . . . 1 . . . Terminal Index 3 | . . . . . . . . . 1 . 1 . . . . . 1 . . . . . . Alert Level 1 | . . . . . . . . . 1 . . . . . . . . . . . . . . Unreport Threat 5 | . . . . . . . 2 . 1 . 2 . . . . . . . . . . . . Locate Traps 9 | . 2 . 1 . . . 2 . 2 . . 1 . . . . . . . 1 . . . Patrol Status 1 | . 1 . . . . . . . . . . . . . . . . . . . . . . Hauler Manifests 3 | . . . . . . . 1 . 1 . . . . . . . . . . . . . 1 Registered Components 3 | . . . . . . . . . 1 . . . . . . . 1 . . . . . 1 Zone Layout 4 | . . . . . . . 2 . . . . . . . . . 1 . . . . . 1 Garrison Registry 2 | . . . . . . . . 1 . 1 . . . . . . . . . . . . . Security Stations 1 | . . . . . . . . . . 1 . . . . . . . . . . . . . Proto ID Catalog 1 | . . . . . 1 . . . . . . . . . . . . . . . . . . Fabricator Hacks . | . . . . . . . . . . . . . . . . . . . . . . . . Repair Station Hacks 41 | . 2 . 9 . . . 6 . 5 . 2 13 . . . . 2 . . 2 . . . Scan Component 23 | . 1 . 5 . . . 4 . 3 . 1 7 . . . . 1 . . 1 . . . Repair 18 | . 1 . 4 . . . 2 . 2 . 1 6 . . . . 1 . . 1 . . . Recycling Unit Hacks 5 | . . . 1 . . . 1 . 1 . . 1 . . . . 1 . . . . . . Retrieve Components 5 | . . . 1 . . . 1 . 1 . . 1 . . . . 1 . . . . . . Scanalyzer 5 | . . . 4 . . . . . 1 . . . . . . . . . . . . . . Retrieve Study 5 | . . . 4 . . . . . 1 . . . . . . . . . . . . . . Garrison Access Hacks 5 | . . . . . . . 1 . 1 . 1 1 . . . . 1 . . . . . . Unlock Access 2 | . . . . . . . 1 . 1 . . . . . . . . . . . . . . Seal Access 3 | . . . . . . . . . . . 1 1 . . . . 1 . . . . . . Unauthorized Hacks 69 | . 12 . 11 . . . 11 . 12 . 7 3 . . . . 4 . . 4 . . 5 Terminals 61 | . 10 . 9 . . . 9 . 10 . 7 3 . . . . 4 . . 4 . . 5 Assimilate 7 | . . . . . . . 2 . 2 . . . . . . . 1 . . . . . 2 Botnet 25 | . 4 . 3 . . . 2 . 2 . 2 2 . . . . 3 . . 4 . . 3 Operators 2 | . 1 . 1 . . . . . . . . . . . . . . . . . . . . Skim 27 | . 5 . 5 . . . 5 . 6 . 5 1 . . . . . . . . . . . Fabricators . | . . . . . . . . . . . . . . . . . . . . . . . . Repair Stations . | . . . . . . . . . . . . . . . . . . . . . . . . Recycling Units 8 | . 2 . 2 . . . 2 . 2 . . . . . . . . . . . . . . Reject 4 | . . . 1 . . . 2 . 1 . . . . . . . . . . . . . . Recyclers 1 | . . . . . . . . . 1 . . . . . . . . . . . . . . Tunnel 3 | . 2 . 1 . . . . . . . . . . . . . . . . . . . . Scanalyzers . | . . . . . . . . . . . . . . . . . . . . . . . . Garrison Access . | . . . . . . . . . . . . . . . . . . . . . . . . Data Cores Recovered 1 | . . . . . . . 1 . . . . . . . . . . . . . . . . Used . | . . . . . . . . . . . . . . . . . . . . . . . . Hacking Detections 82 | . 9 1 12 . . . 10 1 10 1 9 7 . . . . 8 . 3 6 1 . 4 Full Trace Events 1 | . . . . . . . . 1 . . . . . . . . . . . . . . . Feedback Events . | . . . . . . . . . . . . . . . . . . . . . . . . Feedback Blocked . | . . . . . . . . . . . . . . . . . . . . . . . . Robot Schematics Acquired 6 | . . . . . . . . . . . . . . . 6 . . . . . . . . Robots Built . | . . . . . . . . . . . . . . . . . . . . . . . . Authchips . | . . . . . . . . . . . . . . . . . . . . . . . . Time . | . . . . . . . . . . . . . . . . . . . . . . . . Total Robot Build Rating . | . . . . . . . . . . . . . . . . . . . . . . . . Part Schematics Acquired 10 | . . . 1 . . . . . . . . . . . 9 . . . . . . . . Parts Built . | . . . . . . . . . . . . . . . . . . . . . . . . Authchips . | . . . . . . . . . . . . . . . . . . . . . . . . Time . | . . . . . . . . . . . . . . . . . . . . . . . . Total Part Build Rating . | . . . . . . . . . . . . . . . . . . . . . . . . Part Studies Acquired 5 | . . . 4 . . . . . 1 . . . . . . . . . . . . . . Parts Repaired 18 | . 1 . 4 . . . 2 . 2 . 1 6 . . . . 1 . . 1 . . . Time 661 | . 26 . 128 . . . 106 . 70 . 44 229 . . . . 32 . . 26 . . . Parts Recycled . | . . . . . . . . . . . . . . . . . . . . . . . . Recycled Matter . | . . . . . . . . . . . . . . . . . . . . . . . . Retrieved Matter . | . . . . . . . . . . . . . . . . . . . . . . . . Retrieved Components 23 | . . . 1 . . . 8 . 4 . . 3 . . . . 7 . . . . . . Parts Scanalyzed . | . . . . . . . . . . . . . . . . . . . . . . . . Part Schematics Acquired . | . . . . . . . . . . . . . . . . . . . . . . . . Parts Damaged . | . . . . . . . . . . . . . . . . . . . . . . . . Bothacking | -11 -10 -10 -9 -9 -9 -8 -8 -8 -8 -8 -8 -7 -7 -7 -7 -6 -6 -6 -6 -6 -6 -6 -6 ------------ Run | Yrd Mat Min Mat Min Exi Min Mat Gar Mat Gar Mat Fac Low Low Dat Pro Fac Was Fac Ext Cet Arc Hub Used RIF Installer . | . . . . . . . . . . . . . . . . . . . . . . . . Robots Hacked 2 | . . . . . . . . . . . . . . . . . . . . . . 2 . Non-combat 1 | . . . . . . . . . . . . . . . . . . . . . . 1 . Combat 1 | . . . . . . . . . . . . . . . . . . . . . . 1 . Robot Hacks Applied 2 | . . . . . . . . . . . . . . . . . . . . . . 2 . parse_system 1 | . . . . . . . . . . . . . . . . . . . . . . 1 . check_alert 1 | . . . . . . . . . . . . . . . . . . . . . . 1 . Relay Couplers Released 57 | . . . . . . . . 31 . 26 . . . . . . . . . . . . . Machine Destruction 57 | . . . . . . . . 31 . 26 . . . . . . . . . . . . . Fabnet Peak Effective % . | . . . . . . . . . . . . . . . . . . . . . . . . Robots Rewired 8 | . . . . . . . . . . . . . . . . . . . . 8 . . . Allies Hacked . | . . . . . . . . . . . . . . . . . . . . . . . . Hacks Repelled 1 | . . . . . . . . . . . . . . . . . . . . . . . 1 Allies | -11 -10 -10 -9 -9 -9 -8 -8 -8 -8 -8 -8 -7 -7 -7 -7 -6 -6 -6 -6 -6 -6 -6 -6 -------- Run | Yrd Mat Min Mat Min Exi Min Mat Gar Mat Gar Mat Fac Low Low Dat Pro Fac Was Fac Ext Cet Arc Hub Total Allies 34 | . . . . 5 . . 1 . . 2 . . . . . . 1 . . 19 5 . 1 Largest Group 13 | . . . . 5 5 3 3 1 . 2 . . . . . . 1 . . 10 13 11 4 Highest-Rated Group 852 | . . . . 83 83 40 40 10 . 62 . . . . . . 10 . . 434 852 684 227 Highest-Rated Ally 159 | . . . . 31 31 16 16 10 . 31 . . . . . . 10 . . 159 159 122 96 Initial Warlord ECA Mod 23 | . . . . . . . . . 12 12 23 22 22 22 22 21 21 21 21 21 21 21 21 Total Orders 18 | . . . . . . . 2 1 . . . . . . . . 3 . 3 2 7 . . STAY 6 | . . . . . . . 1 1 . . . . . . . . 2 . . . 2 . . ROAM 4 | . . . . . . . . . . . . . . . . . . . . 1 3 . . FOLLOW 5 | . . . . . . . 1 . . . . . . . . . 1 . . 1 2 . . EXPLORE 2 | . . . . . . . . . . . . . . . . . . . 2 . . . . RETURN 1 | . . . . . . . . . . . . . . . . . . . 1 . . . . Ally Attacks 167 | . . . . 9 . 7 8 . . . . . . . . . . . . 63 39 35 6 Total Damage 4746 | . . . . 126 . 59 99 . . . . . . . . . . . . 1403 1798 1202 59 Kills 24 | . . . . 2 . 3 . . . . . . . . . . . . . 9 6 3 1 Allies Corrupted . | . . . . . . . . . . . . . . . . . . . . . . . . Allies Melted 1 | . . . . . . . . . . . . . . . . . . . . . . 1 . Intel | -11 -10 -10 -9 -9 -9 -8 -8 -8 -8 -8 -8 -7 -7 -7 -7 -6 -6 -6 -6 -6 -6 -6 -6 ------- Run | Yrd Mat Min Mat Min Exi Min Mat Gar Mat Gar Mat Fac Low Low Dat Pro Fac Was Fac Ext Cet Arc Hub Active Infowar (turns) 13623 | 58 1756 1154 358 . . . . . . . 1015 1025 1644 2070 121 990 1567 285 733 248 . . 599 Sensors 4222 | . . . . . . . . . . . . 181 1644 1280 121 990 6 . . . . . . Terrain 4943 | . . . . . . . . . . . . 726 . 790 . . 1562 285 733 248 . . 599 Seismic 5974 | 58 1756 1154 358 . . . . . . . 1015 515 . . . . 1118 . . . . . . Machine Analysis 572 | . . . . . . . . . . . . 572 . . . . . . . . . . . Robot Analysis Total 6 | . 2 . 2 . . . 1 . . . . 1 . . . . . . . . . . . Derelict Logs Recovered 5 | . . . . 3 . . . . . . . . 1 1 . . . . . . . . . Drone Launches 2 | . . . . . . . . . . . . . . . . . . . 2 . . . . Drone Recoveries 2 | . . . . . . . . . . . . . . . . . . . 2 . . . . Exploration | -11 -10 -10 -9 -9 -9 -8 -8 -8 -8 -8 -8 -7 -7 -7 -7 -6 -6 -6 -6 -6 -6 -6 -6 ------------- Run | Yrd Mat Min Mat Min Exi Min Mat Gar Mat Gar Mat Fac Low Low Dat Pro Fac Was Fac Ext Cet Arc Hub Turns Passed 37635 | 139 1756 1154 3332 925 286 485 5527 1218 4365 1232 1977 1885 1653 2093 122 1065 2103 285 1190 2992 767 354 730 Spaces Moved 18649 | 51 688 610 1533 743 259 431 2018 678 2345 600 903 1062 1039 959 91 745 962 191 588 1387 328 144 294 Core 7 | 2 . . . . . . . . . . . . . . . . 5 . . . . . . Treads 3598 | 49 480 121 521 2 . . 1486 . 141 33 9 . . . . . . . . . 319 144 293 Legs . | . . . . . . . . . . . . . . . . . . . . . . . . Wheels 15044 | . 208 489 1012 741 259 431 532 678 2204 567 894 1062 1039 959 91 745 957 191 588 1387 9 . 1 Hover . | . . . . . . . . . . . . . . . . . . . . . . . . Flight . | . . . . . . . . . . . . . . . . . . . . . . . . Fastest Speed 50 | 50 135 150 110 110 110 110 110 101 101 110 100 80 130 130 130 130 105 110 140 120 131 160 160 Average Speed 135 | 155 157 183 158 110 110 110 160 108 115 119 111 122 130 130 130 130 137 120 140 136 179 160 160 Slowest Speed 2950 | 160 240 320 240 240 110 110 245 125 246 243 560 140 130 130 130 130 2950 140 155 170 240 160 235 Overloaded Moves . | . . . . . . . . . . . . . . . . . . . . . . . . Propulsion Burnouts . | . . . . . . . . . . . . . . . . . . . . . . . . Robots Hopped . | . . . . . . . . . . . . . . . . . . . . . . . . Potential Cave-ins 12 | . . . . . . . . . . . . . . . . . 10 . . . . . 2 Cave-ins Triggered . | . . . . . . . . . . . . . . . . . . . . . . . . Time Travels 1 | . . . . . . . . . . . . . . . 1 . . . . . . . . Exploration Rate (%) 68 | 5 97 97 95 96 60 78 76 79 94 69 47 25 82 89 74 82 32 77 20 86 73 88 31 Regions Visited 23 Branch Regions 12 Pre-discovered Areas 19 | . 3 . 4 1 1 . 2 . 2 . 4 . 1 . 1 . . . . . . . . Known Exits Taken 13 | . 1 . 1 . . 1 1 . 1 . 1 1 1 1 1 1 . . 1 1 . . . Unknown Exits Taken 6 | 1 . 1 . 1 1 . . . . . . . . . . . . . . . 1 1 . Scrap Searched 9 | . . 1 . 2 . 2 . . . . . . 2 2 . . . . . . . . . Spaces Dug 196 | . 3 . 9 . . . 21 1 33 8 8 17 13 23 . 4 31 . 18 . . . 7 Terrain Destroyed 954 | . 5 . 36 . . . 56 34 34 46 14 26 46 46 . 54 73 158 71 196 3 12 44 Melee 106 | . . . 9 . . . 19 1 33 7 4 12 6 . . 2 7 . 2 . . . 4 Projectile 222 | . 5 . . . . . 4 . 1 10 10 14 13 15 . 2 66 . 31 14 3 12 22 AOE 626 | . . . 27 . . . 33 33 . 29 . . 27 31 . 50 . 158 38 182 . . 18 Terrain Rammed . | . . . . . . . . . . . . . . . . . . . . . . . . Walls Destroyed . | . . . . . . . . . . . . . . . . . . . . . . . . Machines Disabled . | . . . . . . . . . . . . . . . . . . . . . . . . Actions | -11 -10 -10 -9 -9 -9 -8 -8 -8 -8 -8 -8 -7 -7 -7 -7 -6 -6 -6 -6 -6 -6 -6 -6 --------- Run | Yrd Mat Min Mat Min Exi Min Mat Gar Mat Gar Mat Fac Low Low Dat Pro Fac Was Fac Ext Cet Arc Hub Total 28684 | 79 1265 625 2209 822 260 440 4036 1001 3736 941 1776 1527 1289 1758 94 818 1499 221 860 2287 470 225 446 Wait 7605 | 3 484 3 453 36 . 9 1764 218 1193 173 779 308 199 745 1 25 256 5 175 602 75 43 56 Move 18629 | 50 687 609 1532 742 258 430 2018 677 2345 599 902 1061 1038 958 90 744 962 190 587 1386 327 143 294 Hop . | . . . . . . . . . . . . . . . . . . . . . . . . Pick Up 225 | 2 25 1 21 5 2 . 21 1 15 8 5 39 3 . . 5 17 . 11 22 13 5 4 Fast Attach 115 | 7 6 . 3 1 . . 9 1 5 4 12 11 . 2 . 4 21 1 4 19 3 2 . Attach 93 | . . 1 6 5 . . 10 1 2 4 5 7 . . 1 1 12 1 1 18 3 . 15 Detach 26 | . . . . 4 . . 1 . . 1 1 5 . . . 3 5 . . 5 1 . . Swap 258 | . 11 . 30 9 . . 34 7 12 21 8 19 6 9 2 9 16 1 10 35 7 . 12 Drop 233 | 1 9 1 30 4 . . 27 3 20 9 8 15 2 2 . 8 26 2 11 25 19 7 4 Fire 899 | 16 43 9 122 3 . 1 106 26 31 63 18 25 32 42 . 16 124 21 31 81 14 23 52 Melee 446 | . . . 12 13 . . 45 67 113 43 38 37 9 . . 3 35 . 3 17 . 2 9 Ram 1 | . . 1 . . . . . . . . . . . . . . . . . . . . . Kick . | . . . . . . . . . . . . . . . . . . . . . . . . Crush 2 | . . . . . . . 1 . . . . . . . . . 1 . . . . . . Escape Stasis 40 | . . . . . . . . . . 8 . . . . . . 24 . . 8 . . . Rewire 59 | . . . . . . . . . . . . . . . . . . . . 59 . . . Trap . | . . . . . . . . . . . . . . . . . . . . . . . . Miscellaneous 53 | . . . . . . . . . . 8 . . . . . . . . 27 10 8 . . Route ------- -11/Scrapyard -10/Materials (discovered 6 exits: *Mat x3 / *Min x2 / Sub) -10/Mines (discovered 3 exits: *Mat x2 / *Sub) -9/Materials (discovered 5 exits: *Mat x3 / *Min x2) -9/Mines (discovered 3 exits: *Mat x2 / *Exi) -9/Exiles -8/Mines -8/Materials (discovered 5 exits: *Fac x3 / *Sto / Gar) -8/Garrison (discovered 3 exits: *Mat x3) -8/Materials (discovered 5 exits: *Fac x3 / *Sto / Gar) -8/Garrison (discovered 3 exits: *Mat x3) -8/Materials (discovered 4 exits: *Fac x3 / *Sto) -7/Factory (discovered 2 exits: *Low x2) -7/Lower Caves -7/Lower Caves (discovered 2 exits: *Fac / *Dat) -7/Data Miner -6/Proximity Caves -6/Factory (discovered 4 exits: *Low x2 / Ext x2) -6/Waste -6/Factory (discovered 2 exits: Low / *Ext) -6/Extension (discovered 2 exits: [*Fac] / *Cet) -6/Cetus (discovered 2 exits: [*Fac] / *Arc) -6/Archives (discovered 3 exits: [*Fac] / *Hub x2) -6/Hub_04(d) (discovered 1 exit: [*Fac]) History --------- Turn | Location | Event 15 | -11/Scrapyard | Discovered new exit (range 15) 140 | -11/Scrapyard | Entered Materials 307 | -10/Materials | Build established: Mutant 316 | -10/Materials | Discovered new exit (range 16) 535 | -10/Materials | Discovered new exit (range 16) 822 | -10/Materials | Discovered new exit (range 16) 920 | -10/Materials | Central database locked down 970 | -10/Materials | Discovered new exit (range 6) 1024 | -10/Materials | Repaired Lgt. Treads 1142 | -10/Materials | Discovered new exit (range 14) 1359 | -10/Materials | Learned Storage trap positions 1504 | -10/Materials | Identified exit to Mines 1562 | -10/Materials | Learned Storage trap positions 1675 | -10/Materials | Learned 4 Subcaves zone layouts 1712 | -10/Materials | Identified exit to Subcaves 1896 | -10/Materials | Entered Mines 2067 | -10/Mines | Discovered exit to Subcaves (range 13) 2270 | -10/Mines | Discovered new exit (range 8) 2828 | -10/Mines | Discovered new exit (range 9) 3050 | -10/Mines | Entered Materials 3050 | -9/Materials | Evolved 2 slots: Propulsion x2 3565 | -9/Materials | Discovered new exit (range 14) 3788 | -9/Materials | Repaired Autogun 3821 | -9/Materials | Repaired Hvy. Assault Rifle 4873 | -9/Materials | Discovered new exit (range 13) 5441 | -9/Materials | Learned location of Zion (-6) 5474 | -9/Materials | Learned location of 1 exit from Storage 5513 | -9/Materials | Identified exit to Materials 5513 | -9/Materials | Identified exit to Mines 5527 | -9/Materials | Learned 2 Storage zone layouts 5862 | -9/Materials | Core integrity fell below 50% 6065 | -9/Materials | Repaired Med. Armor Plating 6099 | -9/Materials | Repaired Arm. Wheel+ 6382 | -9/Materials | Entered Mines 6409 | -9/Mines | Discovered exit to Materials (range 16) 6417 | -9/Mines | Found a damaged Exp. Sensor Array with a note attached 6424 | -9/Mines | Found Prototype Device 6425 | -9/Mines | Identified Exp. Sensor Array 6451 | -9/Mines | Learned location of 1 exit from Proximity Caves 6657 | -9/Mines | Received a Rocket Launcher from a helpful Derelict 6701 | -9/Mines | Learned Materials stockpile data 6721 | -9/Mines | Discovered exit to Materials (range 5) 6778 | -9/Mines | Learned Materials terminal intel 6817 | -9/Mines | Learned location of Storage (-8) 6839 | -9/Mines | Deemed a non-threat by the Exiles lab entrance 6870 | -9/Mines | Found a hidden stash of uninstalled traps 7121 | -9/Mines | Assisted by bots powering up and referring to "LRC-V3" 7271 | -9/Mines | Discovered new exit (range 5) 7307 | -9/Mines | Entered Exiles 7307 | -9/Exiles | Accompanied by 5 allies 7335 | -9/Exiles | Met 8R-AWN 7337 | -9/Exiles | Led the pair of lost Derelicts to a safe place 7353 | -9/Exiles | Met EX-HEX 7389 | -9/Exiles | Met EX-BIN 7401 | -9/Exiles | Aligned with FarCom system 7402 | -9/Exiles | Given EX-Vault access code 7428 | -9/Exiles | Opened EX-Vault 7459 | -9/Exiles | Found Chronowheel 7483 | -9/Exiles | Warned to stay clear of 0b10 Research branches 7517 | -9/Exiles | Met EX-DEC 7580 | -9/Exiles | Discovered new exit (range 12) 7593 | -9/Exiles | Left Exiles lab with Chronowheel 7593 | -9/Exiles | Entered Mines 7593 | -8/Mines | Accompanied by 3 allies 7835 | -8/Mines | Discovered exit to Materials (range 8) 8078 | -8/Mines | Entered Materials 8078 | -8/Materials | Accompanied by 3 allies 8078 | -8/Materials | Evolved 2 slots: Propulsion x2 8079 | -8/Materials | Identified exit to Storage 8081 | -8/Materials | Loaded intel: 12 terminal locations 8121 | -8/Materials | Central database locked down 8196 | -8/Materials | Lost 3 allies 8705 | -8/Materials | Lost 3 parts (1n1u1w) 8991 | -8/Materials | Build established: Scavenger-Mutant 9395 | -8/Materials | Repaired Broken Arm. Treads 9449 | -8/Materials | Repaired Broken Arm. Treads 10659 | -8/Materials | Discovered new exit (range 6) 13070 | -8/Materials | Learned 2 Lower Caves zone layouts 13148 | -8/Materials | Learned Factory stockpile data 13187 | -8/Materials | Discovered new exit (range 10) 13220 | -8/Materials | Found Powered Armor 13223 | -8/Materials | Found Powered Armor 13225 | -8/Materials | Found Powered Armor 13237 | -8/Materials | Found Powered Armor 13328 | -8/Materials | Learned Factory repair station intel 13395 | -8/Materials | Learned location of 1 exit from Extension 13432 | -8/Materials | Identified exit to Factory 13511 | -8/Materials | Build established: Mutant 13604 | -8/Materials | Identified exit to Garrison 13605 | -8/Materials | Entered Garrison 13605 | -8/Garrison | Accompanied by 1 ally 13791 | -8/Garrison | Triggered checkpoint 13870 | -8/Garrison | Garrison Relay disabled 13935 | -8/Garrison | Triggered checkpoint 13963 | -8/Garrison | Triggered checkpoint 14021 | -8/Garrison | Discovered new exit (range 53) 14021 | -8/Garrison | Discovered new exit (range 30) 14021 | -8/Garrison | Discovered new exit (range 19) 14095 | -8/Garrison | Garrison Relay disabled 14107 | -8/Garrison | Garrison Relay disabled 14119 | -8/Garrison | Garrison Relay disabled 14132 | -8/Garrison | Garrison Relay disabled 14175 | -8/Garrison | Triggered checkpoint 14189 | -8/Garrison | Garrison Relay disabled 14261 | -8/Garrison | Triggered checkpoint 14297 | -8/Garrison | Triggered checkpoint 14336 | -8/Garrison | Garrison Relay disabled 14581 | -8/Garrison | Triggered checkpoint 14592 | -8/Garrison | Garrison Relay disabled 14823 | -8/Garrison | Entered Materials 15131 | -8/Materials | Discovered exit to Storage (range 16) 15733 | -8/Materials | Repaired Arm. Treads 15860 | -8/Materials | Central database locked down 16341 | -8/Materials | Repaired Arm. Wheel+ 17106 | -8/Materials | Learned Factory emergency access door positions 17161 | -8/Materials | Learned 2 Storage zone layouts 17204 | -8/Materials | Learned Storage stockpile data 17239 | -8/Materials | Learned Factory recycling unit intel 17282 | -8/Materials | Learned Storage stockpile data 17343 | -8/Materials | Learned Storage terminal intel 17802 | -8/Materials | Discovered exit to Factory (range 7) 17817 | -8/Materials | Core integrity fell below 50% 19063 | -8/Materials | Garrison activated, responded to threat 19188 | -8/Materials | Identified exit to Garrison 19188 | -8/Materials | Entered Garrison 19207 | -8/Garrison | Learned Materials security intel 19294 | -8/Garrison | Triggered checkpoint 19328 | -8/Garrison | Discovered new exit (range 60) 19328 | -8/Garrison | Discovered new exit (range 80) 19328 | -8/Garrison | Discovered new exit (range 76) 19339 | -8/Garrison | Garrison Relay disabled 19406 | -8/Garrison | Found Powered Armor 19494 | -8/Garrison | Triggered checkpoint 19592 | -8/Garrison | Found Powered Armor 19594 | -8/Garrison | Found Powered Armor 19622 | -8/Garrison | Triggered checkpoint 19624 | -8/Garrison | Triggered checkpoint 19716 | -8/Garrison | Lost 5 parts (5n) 19807 | -8/Garrison | Garrison Relay disabled 19963 | -8/Garrison | Rescued a captive Derelict 19964 | -8/Garrison | Rescued a captive Derelict 20132 | -8/Garrison | Core integrity fell below 20% 20251 | -8/Garrison | Garrison Relay disabled 20420 | -8/Garrison | Entered Materials 20467 | -8/Materials | Build established: Scavenger-Mutant 20677 | -8/Materials | Discovered exit to Storage (range 10) 20762 | -8/Materials | Repaired Great Axe 22149 | -8/Materials | Discovered exit to Factory (range 5) 22207 | -8/Materials | Learned Factory emergency access door positions 22286 | -8/Materials | Learned 4 Factory zone layouts 22301 | -8/Materials | Learned Factory security intel 22325 | -8/Materials | Learned 4 Recycling zone layouts 22360 | -8/Materials | Learned location of Lower Caves (-6) 22397 | -8/Materials | Entered Factory 22397 | -7/Factory | Evolved 2 slots: Utility x2 22398 | -7/Factory | Identified exit to Lower Caves 22403 | -7/Factory | Loaded intel: 6 repair station locations 22404 | -7/Factory | Loaded intel: 6 recycling unit locations 22817 | -7/Factory | Repaired Broken Arm. Wheel+ 22857 | -7/Factory | Build established: Scavenger-Assassin 23125 | -7/Factory | Repaired Arm. Wheel+ 23187 | -7/Factory | Repaired Arm. Wheel+ 23296 | -7/Factory | Repaired Exp. Sensor Array 23475 | -7/Factory | Found Prototype Launcher 23475 | -7/Factory | Identified Rocket Array 23618 | -7/Factory | Build established: Hauler-Mutant 23920 | -7/Factory | Repaired Arm. Wheel+ 23957 | -7/Factory | Repaired Rocket Array 24282 | -7/Factory | Entered Lower Caves 24283 | -7/Lower Caves | Identified exit to Lower Caves 24286 | -7/Lower Caves | Encountered a Warlord checkpoint 24307 | -7/Lower Caves | Met a Warlord Commander 24308 | -7/Lower Caves | Learned location of Warlord (-4) 24309 | -7/Lower Caves | Warlord Commander delivered Encrypted Comm Array 24319 | -7/Lower Caves | Found Encrypted Comm Array 25373 | -7/Lower Caves | Spotted B-75 Beast 25935 | -7/Lower Caves | Entered another Lower Caves area 26052 | -7/Lower Caves | Discovered new exit (range 9) 27876 | -7/Lower Caves | Discovered new exit (range 9) 27914 | -7/Lower Caves | Learned Factory emergency access door positions 28027 | -7/Lower Caves | Identified exit to Data Miner 28028 | -7/Lower Caves | Entered Data Miner 28028 | -7/Data Miner | Discovered new exit (range 6) 28053 | -7/Data Miner | Met Data Miner 28075 | -7/Data Miner | Acquired the access code to Warlord's prototype stash 28075 | -7/Data Miner | Learned location of Section 7 (-3) 28096 | -7/Data Miner | Received God Mode back door access code from Data Miner 28110 | -7/Data Miner | Activated Chronowheel 28110 | -7/Data Miner | Spacetime reconverged on an earlier point 28146 | -7/Data Miner | Identified exit to Proximity Caves 28150 | -7/Data Miner | Entered Proximity Caves 28151 | -6/Proximity Caves | Identified exit to Factory 29212 | -6/Proximity Caves | Spotted B-75 Beast 29215 | -6/Proximity Caves | Entered Factory 29215 | -6/Factory | Evolved 2 slots: Utility x2 29216 | -6/Factory | Identified exit to Lower Caves 29216 | -6/Factory | Identified exit to Extension 29459 | -6/Factory | Discovered exit to Lower Caves (range 8) 29509 | -6/Factory | Build established: Hauler-Assassin 30320 | -6/Factory | Repaired Arm. Wheel+ 30524 | -6/Factory | Garrison activated, responded to threat 30722 | -6/Factory | Lost 5 parts (5n) 30959 | -6/Factory | Build established: Hauler-Mutant 31318 | -6/Factory | Sucked down chute 31318 | -6/Factory | Entered Waste 31333 | -6/Waste | EMP discharged 31340 | -6/Waste | Spotted C-40 Crusher 31350 | -6/Waste | Destroyed C-40 Crusher 31367 | -6/Waste | Spotted C-40 Crusher 31374 | -6/Waste | Spotted C-40 Crusher 31433 | -6/Waste | EMP discharged 31440 | -6/Waste | Destroyed C-40 Crusher 31440 | -6/Waste | Destroyed C-40 Crusher 31447 | -6/Waste | Spotted C-40 Crusher 31455 | -6/Waste | Destroyed C-40 Crusher 31461 | -6/Waste | Spotted C-40 Crusher 31461 | -6/Waste | Spotted C-40 Crusher 31462 | -6/Waste | Destroyed C-40 Crusher 31485 | -6/Waste | Destroyed C-40 Crusher 31487 | -6/Waste | Build established: Scavenger-Skirmisher 31533 | -6/Waste | EMP discharged 31583 | -6/Waste | Discovered new exit (range 13) 31603 | -6/Waste | Entered Factory 31918 | -6/Factory | Discovered exit to Lower Caves (range 7) 32162 | -6/Factory | Build established: Hauler-Assassin 32170 | -6/Factory | Discovered exit to Extension (range 6) 32340 | -6/Factory | System corruption reached 10% 32638 | -6/Factory | Build established: Hauler-Mutant 32793 | -6/Factory | Entered Extension 32794 | -6/Extension | Identified exit to Cetus 34267 | -6/Extension | Rescued a captive Derelict 34455 | -6/Extension | Rescued a captive Derelict 34456 | -6/Extension | Rescued a captive Derelict 34474 | -6/Extension | Rescued a captive Derelict 34506 | -6/Extension | Incoming investigation squad redirected 34543 | -6/Extension | Rescued a captive Derelict 34715 | -6/Extension | Lost 4 allies 34777 | -6/Extension | Spotted B-75 Beast 34788 | -6/Extension | Destroyed B-75 Beast 34795 | -6/Extension | Spotted B-75 Beast 34816 | -6/Extension | Destroyed B-75 Beast 34852 | -6/Extension | Core integrity fell below 50% 34856 | -6/Extension | Lost 5 allies 34881 | -6/Extension | Lost 8 parts (1p4n2u1w) 34918 | -6/Extension | Disrupted transfer network 35031 | -6/Extension | Destroyed 8 combat bots 35059 | -6/Extension | Lost 4 parts (2n1u1w) 35224 | -6/Extension | Rescued A7 35243 | -6/Extension | First assault squad dispatched 35248 | -6/Extension | Rescued a captive Derelict 35248 | -6/Extension | Rescued a captive Derelict 35264 | -6/Extension | Incoming assault squad redirected 35349 | -6/Extension | Build established: Scavenger-Mutant 35509 | -6/Extension | Rescued a captive Derelict 35510 | -6/Extension | Rescued a captive Derelict 35648 | -6/Extension | Repaired Cargo Storage Unit 35684 | -6/Extension | Rescued a captive Derelict 35728 | -6/Extension | Discovered new exit (range 10) 35785 | -6/Extension | Entered Cetus 35785 | -6/Cetus | Accompanied by 10 allies (A7) 35790 | -6/Cetus | Acquired a Cetus Manufacturing Module code from A7 35804 | -6/Cetus | Destroyed Cetus Guard 35818 | -6/Cetus | Spotted Cetus Guard 35822 | -6/Cetus | Destroyed Cetus Guard 35824 | -6/Cetus | Allies destroyed Cetus Guard 35824 | -6/Cetus | Spotted Cetus Guard 35825 | -6/Cetus | Allies destroyed Cetus Guard 35927 | -6/Cetus | Started Cetus Manufacturing Module 35952 | -6/Cetus | Manufactured an Enhanced Grunt 35960 | -6/Cetus | Build established: Hauler-Mutant 35977 | -6/Cetus | Manufactured an Enhanced Grunt 36002 | -6/Cetus | Manufactured an Enhanced Grunt 36027 | -6/Cetus | Manufactured an Enhanced Grunt 36052 | -6/Cetus | Manufactured an Enhanced Grunt 36196 | -6/Cetus | Discovered new exit (range 16) 36330 | -6/Cetus | Spotted Cetus Guard 36330 | -6/Cetus | Spotted Cetus Guard 36335 | -6/Cetus | Spotted Cetus Guard 36335 | -6/Cetus | Spotted Cetus Guard 36337 | -6/Cetus | Build established: Commander-Mutant 36340 | -6/Cetus | Destroyed Cetus Guard 36344 | -6/Cetus | Allies destroyed Cetus Guard 36349 | -6/Cetus | Allies destroyed Cetus Guard 36355 | -6/Cetus | Allies destroyed Cetus Guard 36376 | -6/Cetus | Discovered new exit (range 16) 36385 | -6/Cetus | Met Revision 17 36535 | -6/Cetus | Security sweep announced 36552 | -6/Cetus | Entered Archives 36552 | -6/Archives | Accompanied by 11 allies (A7) 36612 | -6/Archives | Lost 4 allies 36638 | -6/Archives | Unable to access archive contents 36759 | -6/Archives | Discovered new exit (range 16) 36811 | -6/Archives | Discovered new exit (range 16) 36854 | -6/Archives | Build established: Hauler-Mutant 36859 | -6/Archives | Discovered new exit (range 15) 36906 | -6/Archives | Entered Hub_04(d) 36906 | -6/Hub_04(d) | Accompanied by 3 allies 36906 | -6/Hub_04(d) | Discovered new exit (range 11) 37190 | -6/Hub_04(d) | Unchained authorized (CL-0N3) 37294 | -6/Hub_04(d) | Network Hub disabled 37302 | -6/Hub_04(d) | Disrupted transfer network 37479 | -6/Hub_04(d) | Spotted Lightning 37491 | -6/Hub_04(d) | O-24 Administrator reconstituted as H-71 Marshal 37491 | -6/Hub_04(d) | Spotted Lightning 37493 | -6/Hub_04(d) | Spotted Lightning 37561 | -6/Hub_04(d) | System corruption reached 30% 37568 | -6/Hub_04(d) | H-71 Marshal reconstituted as CL-0N3 37568 | -6/Hub_04(d) | Destroyed Lightning 37578 | -6/Hub_04(d) | Lost 6 parts (3n2u1w) 37618 | -6/Hub_04(d) | Core integrity fell below 20% 37627 | -6/Hub_04(d) | Destroyed Lightning 37636 | -6/Hub_04(d) | Destroyed by G-50 Soldier with Heavy Laser Last Messages --------------- 37621_ U-05 Engineer builds a Wall. 37622_ Critical hit (Burn: +37). 37622_ Penetrated by EMDS Slug. 37623_ The unstable cave ceiling collapses. 37625_ Overheating: Quantum Reactor damaged (-2). 37625_ Critical hit (Burn: +37). 37626_ Penetrated by EMDS Slug. 37627_ Lightning destroyed. 37627_ U-05 Engineer lays Concrete. 37627_ Lyr. Medium Armor Plating destroyed. 37628_ U-05 Engineer lays Concrete. 37631_ Power failure, Quantum Reactor shutdown. 37631_ Penetrated by EMDS Slug. 37631_ Quantum Reactor destroyed. 37631_ U-05 Engineer lays Concrete. 37633_ U-05 Engineer builds a Wall. 37634_ Centrium Heavy Treads destroyed. 37635_ Acquired 58 matter. 37636_ DCRSPSRJORNV QEPJ| Q /O#>POEYNGL3 Map ----- +----------------------------------------------------+ | ??????????????????????????????????????? ??###### | | ??????????????????????????????????????????###### | | ???????????????????????????????????????? ?###?# | | ???????????????????????????????????????? ??###### | | ??????????????????????????? ??????????????????### | | ??????????????? ????????????????#?????????#???###! | | ????????#???#??????????????????? ??????? ? ? ?#! | | ?????????????????#???????? ?? ??????? ????????##! | | ????????????#???????????????? #?"?? ??????? ??## | | ????????????????????????????? + ????"?????? ??### | | ????????????????????????????# #??? ??????? ?? #?? | | ?????????????????????######## #???#??#?????#####? | | ????????????#????#??## # #? ? ? ???#?###### | | ?????????????????##??# """ # #? ? ?????? | | ???????????#?????????# + # """ "?"?#?????# | | ???????????#?????##??# """ # %# ?????###?## | | ????????????#??#?????# # + "" ???#?#???# | | ???????#?????????????# = ""T????????## | | ????????????????####### g "????####### | | ????????????#???#! ??? ??# | | ???????#????????# +#??????# | | ????????????????# ! % g ######## | | ????????????????####### g | | ????????????#??########% h= # ####+##+########+# | | ??????#????????# ;!! ! g u # # | | ???????????????# ; ]!*@% % # # | | ??????????????####### =!%%== + # """ | | ???????#??#?#??????#; !! # # | | ?????????????????#?###;#######;#########"######### | | | | | | | | | | | | | | | | | | | | | | | | | | | | | | | | | | | | | | | | | | | +----------------------------------------------------+ Best States ------------- Heat Dissipation 83 Energy Generation 25 Energy Capacity 350 Matter Stores 300 Matter Capacity 300 Sight Range 16 Robot Scan Range 20 Terrain Scan Range 20 Terrain Scan Density 210 EM Shielding 2 Corruption Block 8 Armor Coverage 900 Resistance: TH 10 Phase Shifting 5 Evasion (%) 45 Core Analysis 6 Recoil Reduction 6 Offensive Hacking 12 Defensive Hacking 12 Item Schematics ----------------- Cargo Storage Unit | -9/Materials | Hacked Combat Drone Bay | -7/Data Miner | Free Lgt. Regenerative Plating | -7/Data Miner | Free Biomechanical Wings | -7/Data Miner | Free Thermal Defense Suite | -7/Data Miner | Free Com. Ion Cannon | -7/Data Miner | Free Linear Gravjet | -7/Data Miner | Free Imp. Recalibrator | -7/Data Miner | Free Imp. Arc Projector | -7/Data Miner | Free Centrium Wheel | -7/Data Miner | Free Robot Schematics ------------------ L-41 Fighter | -7/Data Miner | Free M-14 Sweeper | -7/Data Miner | Free M-22 Extractor | -7/Data Miner | Free S-27 Virus | -7/Data Miner | Free Y-54 Guardian | -7/Data Miner | Free X-67 Chaingunner | -7/Data Miner | Free Fabricated ------------ Nothing Repaired ---------- Lgt. Treads | 73% | -10/Materials Autogun | 24% | -9/Materials Hvy. Assault Rifle | 34% | -9/Materials Med. Armor Plating | 1% | -9/Materials Arm. Wheel | 48% | -9/Materials Arm. Treads | 64% | -8/Materials | Broken Arm. Treads | 72% | -8/Materials | Broken Arm. Treads | 4% | -8/Materials Arm. Wheel | 47% | -8/Materials Great Axe | 32% | -8/Materials Arm. Wheel | 55% | -7/Factory | Broken Arm. Wheel | 51% | -7/Factory Arm. Wheel | 55% | -7/Factory Exp. Sensor Array | 62% | -7/Factory Arm. Wheel | 38% | -7/Factory Rocket Array | 40% | -7/Factory Arm. Wheel | 35% | -6/Factory Cargo Storage Unit | 67% | -6/Extension Studied --------- Arm. Wheel | -9/Materials | Hacked Mni. Grenade Launcher | -9/Materials | Hacked Autogun | -9/Materials | Hacked Hvy. Assault Rifle | -9/Materials | Hacked Imp. Grenade Launcher | -8/Materials | Hacked Alien Tech Used ----------------- None Achievements -------------- Spacetime Is Relative Challenges ------------ None Game ------ Seed SignalShockboltBrace Manual? 0 Play Time 05:30:01 Cumulative 375.6 hours Start 2026.02.01 @ 17:27:24 End 2026.02.03 @ 00:32:00 Sessions 7 Manual Loads 0 Difficulty Rogue Special Mode None Game No. 300 Rogue 300 Adventurer 0 Explorer 0 Win Type - Total 2 Types 2/0/0/0/0/0/0/0/0/0 Lore% 63 Gallery% 71 Achievement% 52 Wizard Run 0 Options --------- Layout 1 ASCII 0 Keyboard 0 Movement Arrows Keybinds 0 Fullscreen 1 Font 32/SmallcapsGlow Map View 50x35 Zoom Use 0% Tactical HUD 1 Map Filters NONE Filters NONE Steam 1 RUN: 31b27f21-53b0-4eb8-bb2e-44c4db0b0cfe